[Event "Titled Tuesday Blitz May 16 Early 2023"]
[White "Fernandez Siles, Luis"]
[Black "cristianserban1"]
[WhiteFideId "2209420"]
[WhiteElo "2195"]
[BlackElo "2522"]
[Result "1-0"]
[Round "04"]
[TimeControl "180+2"]
[Date "2023.05.16"]
[WhiteClock "0:00:13"]
[BlackClock "0:00:04"]

1. d4 d5 2. c4 e6 3. Nc3 c6 4. e4 dxe4 5. Nxe4 Bb4+ 6. Bd2 Qxd4 7. Bxb4 Qxe4+ 8. Be2 Qxg2 9. Bf3 Qg5 10. Ne2 Nd7 11. Rg1 Qf5 12. Qb3 Ne5 13. Rg3 Nd3+ 14. Kf1 Nxb4 15. Qxb4 Nf6 16. Rd1 Qe5 17. Rxg7 Ne4 18. Rg4 Nc5 19. Qd2 Qc7 20. b4 Nd7 21. Ng3 Ne5 22. Rf4 Nxf3 23. Rxf3 O-O 24. Qg5+ Kh8 25. Qf6+ Kg8 26. Nh5 Re8 27. Qg7# 1-0


[Site "https://www.chess.com"]

[Event "Titled Tuesday Blitz May 16 Early 2023"]
[White "KorolDimitriy75"]
[Black "Skaric, Djuro"]
[BlackFideId "934569"]
[WhiteElo "2520"]
[BlackElo "2282"]
[Result "0-1"]
[Round "04"]
[TimeControl "180+2"]
[Date "2023.05.16"]
[WhiteClock "0:00:00"]
[BlackClock "0:00:50"]

1. d4 d6 2. c4 Nf6 3. Nc3 g6 4. e4 Bg7 5. Nf3 O-O 6. Be2 Nc6 7. O-O e5 8. d5 Ne7 9. Kh1 h6 10. a4 Ne8 11. a5 f5 12. b4 f4 13. c5 g5 14. Nd2 Nf6 15. f3 Rf7 16. Nc4 Bf8 17. b5 Ne8 18. Ba3 Ng6 19. b6 axb6 20. axb6 dxc5 21. bxc7 Qxc7 22. Nb5 Qd8 23. Bb2 Rxa1 24. Qxa1 Bd7 25. Nxe5 Nxe5 26. Bxe5 Qb6 27. Rb1 Qg6 28. d6 Nxd6 29. Nxd6 Bxd6 30. Rxb7 Bf8 31. Bc4 Be6 32. Rxf7 Qxf7 33. Bxe6 Qxe6 34. h3 c4 35. Kh2 h5 36. Qd4 Kf7 37. h4 gxh4 38. Bxf4 Bg7 39. e5 Qc6 40. Bd2 Ke6 41. Bc3 Qd5 42. Qxh4 Bxe5+ 43. Bxe5 Qxe5+ 44. f4 Qd5 45. Qg3 Qd3 46. Qg8+ Kf5 47. Qg5+ Ke6 48. Qe5+ Kd7 49. Qxh5 c3 50. Qf7+ Kc6 51. Qf6+ Kc5 52. Qe5+ Kb4 53. Qb8+ Ka3 54. Qa7+ Kb2 55. Qb6+ Kc1 56. Qg1+ Kd2 57. Qf2+ Kd1 58. Qg1+ Kd2 59. Qf2+ Qe2 60. Qd4+ Kc2 61. f5 Qh5+ 62. Kg3 Qg5+ 0-1


[Site "https://www.chess.com"]

[Event "Titled Tuesday Blitz May 16 Early 2023"]
[White "Dino_Ballecer"]
[Black "Roberz12"]
[WhiteElo "2514"]
[BlackElo "2348"]
[Result "1-0"]
[Round "04"]
[TimeControl "180+2"]
[Date "2023.05.16"]
[WhiteClock "0:00:08"]
[BlackClock "0:00:06"]

1. e4 c5 2. Nf3 d6 3. Bb5+ Nd7 4. d4 cxd4 5. Qxd4 a6 6. Bxd7+ Bxd7 7. c4 Bc6 8. Nc3 Nf6 9. Bg5 h6 10. Bxf6 gxf6 11. O-O Rg8 12. Rfd1 Qd7 13. Rd3 Bg7 14. Rad1 f5 15. e5 Bxf3 16. Rxf3 Bxe5 17. Qb6 Qc6 18. Qxc6+ bxc6 19. Rxf5 Rb8 20. Na4 Rg4 21. b3 Rg5 22. Rf3 f5 23. h4 Rh5 24. g3 Kf7 25. Kg2 Rg8 26. Kh3 Rg4 27. Rd2 Ke6 28. Re2 Rd4 29. Nc3 Kf6 30. Ne4+ Kg6 31. Nd2 Bf6 32. Nf1 e5 33. Rd2 Rxd2 34. Nxd2 e4 35. Re3 Bd4 36. Re2 Kf6 37. f3 exf3 38. Nxf3 Be5 39. c5 a5 40. cxd6 Bxd6 41. Rc2 f4 42. Rxc6 Ke7 43. gxf4 Rd5 44. Ra6 Rd3 45. Kg3 Rd5 46. Ne5 Bxe5 47. fxe5 Rxe5 48. Rxh6 Rc5 49. Rb6 Rc2 50. a4 Rc5 51. Rb5 Rc3+ 52. Kg4 Kf6 53. h5 Kg7 54. Rb7+ Kh6 55. Rb6+ Kh7 56. h6 Rd3 57. Kf4 Rh3 58. Ke4 Rh4+ 59. Kd5 Rh5+ 60. Kc4 Re5 61. Rb5 Re4+ 62. Kc3 Re3+ 63. Kb2 Re2+ 64. Ka3 Re6 65. Rxa5 Kxh6 66. Rf5 Kg6 67. Rf1 Re2 68. a5 Kg7 69. Kb4 Re5 70. a6 Re6 71. Ka5 Re5+ 72. Kb4 Re6 73. Ra1 Re8 74. Kb5 Ra8 75. Kb6 Kf7 76. Kb7 Re8 77. a7 1-0


[Site "https://www.chess.com"]

[Event "Titled Tuesday Blitz May 16 Early 2023"]
[White "Karthik Sai Ch"]
[Black "surrenderPLS"]
[WhiteFideId "46649484"]
[WhiteElo "2003"]
[BlackElo "2513"]
[Result "0-1"]
[Round "04"]
[TimeControl "180+2"]
[Date "2023.05.16"]
[WhiteClock "0:00:00"]
[BlackClock "0:00:19"]

1. e4 c5 2. Nf3 d6 3. d4 cxd4 4. Qxd4 Nc6 5. Qd2 g6 6. Be2 Nf6 7. Bd3 Bg7 8. O-O O-O 9. h3 b6 10. c4 Bb7 11. Nc3 Rc8 12. b3 Nb4 13. Bb2 Nxd3 14. Qxd3 Nxe4 15. Rfe1 Nxc3 16. Bxc3 Bxc3 17. Qxc3 b5 18. Qb4 Bxf3 19. gxf3 bxc4 20. bxc4 Qd7 21. Kg2 Rc5 22. Re4 h5 23. Rd1 Rg5+ 24. Kh2 a5 25. Qd2 Rf5 26. Qe3 e6 27. Red4 Qc6 28. Kg2 Rd8 29. Qe4 d5 30. cxd5 Rfxd5 31. Rxd5 Rxd5 32. Rxd5 Qxd5 33. Qa4 Kg7 34. Qa3 Qg5+ 35. Kf1 Qf5 36. Kg2 h4 37. Qc3+ Kh7 38. Qd4 g5 39. a4 Qf4 40. Qxf4 gxf4 41. Kf1 f5 42. Ke2 Kg7 43. Kd3 Kf7 44. Kc4 Kf6 45. Kc5 Ke5 46. Kb5 Kd5 47. Kxa5 Kc5 48. Ka6 e5 49. a5 Kc6 50. Ka7 e4 51. fxe4 fxe4 52. a6 Kc7 53. Ka8 e3 54. fxe3 fxe3 55. a7 Kd6 56. Kb7 e2 57. a8=Q e1=Q 58. Qd8+ Kc5 59. Qb6+ Kc4 60. Qc6+ Kd3 61. Qd5+ Ke2 62. Qe4+ Kf1 63. Qh1+ Kf2 64. Qh2+ Kf3 65. Qd6 Qg3 66. Qf6+ Kg2 0-1


[Site "https://www.chess.com"]

[Event "Titled Tuesday Blitz May 16 Early 2023"]
[White "Goltseva, Ekaterina"]
[Black "Dishman, Stephen"]
[WhiteFideId "24173770"]
[BlackFideId "403024"]
[WhiteElo "2114"]
[BlackElo "2204"]
[Result "1-0"]
[Round "04"]
[TimeControl "180+2"]
[Date "2023.05.16"]
[WhiteClock "0:00:16"]
[BlackClock "0:00:00"]

1. g3 d5 2. Bg2 e5 3. d3 Bd6 4. Nf3 Nf6 5. O-O O-O 6. Nbd2 c6 7. e4 Re8 8. c3 Nbd7 9. Qc2 a5 10. a4 Qc7 11. Re1 Nc5 12. b4 axb4 13. cxb4 Ncd7 14. Ba3 Nf8 15. Rec1 Qb6 16. a5 Qa7 17. Nb3 dxe4 18. dxe4 Be6 19. Nc5 Bxc5 20. bxc5 Qxa5 21. Bb2 Qb4 22. Nxe5 Bb3 23. Qc3 Qxc3 24. Bxc3 N8d7 25. Nxd7 Nxd7 26. Bd4 Rxa1 27. Rxa1 Bc4 28. Rb1 Ba6 29. f4 Nf6 30. Bxf6 gxf6 31. Kf2 Rd8 32. Bf1 Bxf1 33. Kxf1 Rd7 34. Ke2 Kf8 35. Ke3 Kg7 36. g4 Kg6 37. h4 h5 38. f5+ Kh6 39. Kf4 hxg4 40. Kxg4 Re7 41. Kf4 Kh5 42. Rg1 Kh6 43. Rg8 Kh7 44. Rd8 Kh6 45. Rd6 Kg7 46. h5 Rc7 47. h6+ Kxh6 48. Rxf6+ Kg7 49. Rd6 f6 50. e5 fxe5+ 51. Kxe5 Re7+ 52. Re6 Rd7 53. f6+ Kf7 54. Rd6 Rc7 55. Rd8 1-0


[Site "https://www.chess.com"]

[Event "Titled Tuesday Blitz May 16 Early 2023"]
[White "Llanos, Guillermo"]
[Black "Santos Flores, Alberto"]
[WhiteFideId "100358"]
[BlackFideId "3601234"]
[WhiteElo "2225"]
[BlackElo "2235"]
[Result "0-1"]
[Round "04"]
[TimeControl "180+2"]
[Date "2023.05.16"]
[WhiteClock "0:00:00"]
[BlackClock "0:01:04"]

1. Nf3 c5 2. b3 g6 3. Bb2 Nf6 4. g3 Bg7 5. Bg2 O-O 6. O-O Nc6 7. c4 b6 8. d4 cxd4 9. Nxd4 Bb7 10. Nc2 Qc7 11. Nc3 Rac8 12. Rc1 Qb8 13. e4 a6 14. Qe2 d6 15. Rfd1 a5 16. a4 Nb4 17. Ne3 Nd7 18. Bh3 Rcd8 19. Ned5 Nxd5 20. exd5 Nc5 21. Qc2 Bc8 22. Bxc8 Rxc8 23. Nb5 Bxb2 24. Qxb2 Qb7 25. Rc3 Qd7 26. Re3 Rfe8 27. Qe2 Rcd8 28. Kg2 e5 29. dxe6 Rxe6 30. Rxe6 Qxe6 31. Qxe6 fxe6 32. Rxd6 Rxd6 33. Nxd6 Nxb3 34. Nc8 Nc5 35. Nxb6 Kf7 36. Kf3 e5 37. Ke3 Ke6 38. f4 exf4+ 39. gxf4 Kd6 40. h4 Kc6 41. Nd5 Nxa4 42. Nf6 h5 43. Ng8 Kc5 44. Ne7 Nb6 45. Nxg6 Nxc4+ 46. Kd3 Nd6 47. Ne5 Nf5 48. Nf3 Kd5 49. Kc3 Ke4 0-1


[Site "https://www.chess.com"]

[Event "Titled Tuesday Blitz May 16 Early 2023"]
[White "drdaro"]
[Black "Lehtosaari, Mauri"]
[BlackFideId "501999"]
[WhiteElo "2339"]
[BlackElo "2507"]
[Result "1/2-1/2"]
[Round "04"]
[TimeControl "180+2"]
[Date "2023.05.16"]
[WhiteClock "0:00:11"]
[BlackClock "0:00:35"]

1. d3 d5 2. g3 e6 3. Bg2 Nf6 4. Nf3 Be7 5. O-O O-O 6. c4 b6 7. cxd5 exd5 8. Nc3 Bb7 9. Bd2 c5 10. d4 Nc6 11. Bg5 c4 12. Ne5 Ne4 13. Bxe7 Nxe7 14. Nxe4 dxe4 15. Nxc4 Nf5 16. e3 Nd6 17. Nxd6 Qxd6 18. Qb3 Bd5 19. Qa4 Bc6 20. Qc2 Rac8 21. Rfc1 f5 22. a4 Qb4 23. Qc3 Qxc3 24. Rxc3 Bd7 25. Bf1 Rxc3 26. bxc3 Rc8 27. Ra3 Kf7 28. Bb5 Be6 29. Kf1 Ke7 30. Ke2 Kd6 31. Kd2 g5 32. a5 f4 33. axb6 axb6 34. gxf4 gxf4 35. exf4 Rg8 36. Ke3 Rg2 37. Ra6 Kc7 38. Ra7+ Kd6 39. Rxh7 Rg1 40. Kxe4 Re1+ 41. Kf3 Bd5+ 42. Kg3 Rg1+ 43. Kh4 Be6 44. Rh6 Ke7 45. Rh7+ Kf6 46. Rh6+ Ke7 47. Rh7+ Kf6 48. Rh6+ Ke7 1/2-1/2


[Site "https://www.chess.com"]

[Event "Titled Tuesday Blitz May 16 Early 2023"]
[White "Degenbaev, Aziz"]
[Black "Fajdetic, Hrvoje"]
[WhiteFideId "13802640"]
[BlackFideId "14501945"]
[WhiteElo "2152"]
[BlackElo "2185"]
[Result "1-0"]
[Round "04"]
[TimeControl "180+2"]
[Date "2023.05.16"]
[WhiteClock "0:00:08"]
[BlackClock "0:00:04"]

1. e4 e6 2. d4 d5 3. Nc3 dxe4 4. Nxe4 Nd7 5. Nf3 Ngf6 6. Nxf6+ Nxf6 7. g3 Bd7 8. Ne5 Bd6 9. Bg2 Bxe5 10. dxe5 Nd5 11. c4 Nb6 12. b3 Bc6 13. Bxc6+ bxc6 14. Qg4 Qd3 15. Be3 O-O-O 16. Rd1 Qxd1+ 17. Qxd1 Rxd1+ 18. Kxd1 h5 19. h3 Rd8+ 20. Kc2 Nd7 21. f4 a6 22. g4 Rh8 23. g5 Rd8 24. Bd4 g6 25. a3 Kb7 26. Rd1 Nb6 27. Rd3 Nc8 28. Bc5 Rxd3 29. Kxd3 Ka8 30. b4 Kb7 31. Bf8 Ka8 32. a4 Kb7 33. a5 Ka8 34. Kc3 Kb7 35. Kb3 Ka8 36. Ka4 Kb7 37. Bc5 Ka8 38. b5 cxb5+ 39. cxb5 Kb7 40. Kb4 axb5 41. Kxb5 c6+ 42. Kb4 Ka6 43. Be3 Kb7 44. Kc5 Na7 45. Kd6 Nb5+ 46. Ke7 Nc3 47. Kxf7 Nd5 48. Bd2 c5 49. Kxe6 Kc6 50. a6 c4 51. a7 Nb6 52. Kf7 Kd5 53. e6 Kd6 54. e7 Nc8 55. e8=Q 1-0


[Site "https://www.chess.com"]

[Event "Titled Tuesday Blitz May 16 Early 2023"]
[White "Ronka, Erik"]
[Black "Korpics, Zsolt"]
[WhiteFideId "505080"]
[BlackFideId "705241"]
[WhiteElo "2264"]
[BlackElo "2332"]
[Result "1-0"]
[Round "04"]
[TimeControl "180+2"]
[Date "2023.05.16"]
[WhiteClock "0:00:36"]
[BlackClock "0:00:00"]

1. d4 Nf6 2. c4 e6 3. Nc3 Bb4 4. a3 Bxc3+ 5. bxc3 O-O 6. f3 d5 7. cxd5 exd5 8. e3 Bf5 9. Ne2 Re8 10. g4 Bg6 11. Ng3 c5 12. h4 h5 13. g5 Qd6 14. Kf2 Nfd7 15. Bd3 Bxd3 16. Qxd3 g6 17. Kg2 Nc6 18. Bd2 Na5 19. Rae1 Nc4 20. Bc1 b5 21. e4 cxd4 22. cxd4 Rac8 23. e5 Qe6 24. f4 Qg4 25. f5 gxf5 26. Ref1 Ndxe5 27. dxe5 Nxe5 28. Qd1 Qc4 29. Nxf5 Qe4+ 30. Kg1 Ng4 31. Nd6 Qe5 32. Bf4 Qb2 33. Nxc8 Re2 34. Qxd5 Qxa3 35. g6 1-0


[Site "https://www.chess.com"]

[Event "Titled Tuesday Blitz May 16 Early 2023"]
[White "Allahverdiyeva, Ayan"]
[Black "Mayeregger, Arnold"]
[WhiteFideId "13412590"]
[BlackFideId "3705226"]
[WhiteElo "1980"]
[BlackElo "2038"]
[Result "0-1"]
[Round "04"]
[TimeControl "180+2"]
[Date "2023.05.16"]
[WhiteClock "0:00:54"]
[BlackClock "0:01:04"]

1. e4 c5 2. Nf3 Nc6 3. d4 cxd4 4. Nxd4 Nf6 5. Nc3 e5 6. Ndb5 d6 7. Bg5 a6 8. Na3 b5 9. Nd5 Be7 10. Bxf6 Bxf6 11. c3 O-O 12. h4 g6 13. Nc2 Rb8 14. h5 Bg5 15. Nce3 Ne7 16. hxg6 hxg6 17. Qf3 Nxd5 18. Nxd5 Kg7 19. Bd3 Be6 20. Ne3 b4 21. c4 b3 22. a3 Qa5+ 23. Ke2 Qc5 24. Nf5+ Bxf5 25. exf5 Qd4 26. Qe4 Qxb2+ 27. Kf3 Rh8 28. Kg4 Qxf2 29. Kxg5 Qg3+ 0-1


[Site "https://www.chess.com"]

[Event "Titled Tuesday Blitz May 16 Early 2023"]
[White "Shapiro, Viktor"]
[Black "Onslow, Alfie"]
[WhiteFideId "4175700"]
[BlackFideId "436976"]
[WhiteElo "2152"]
[BlackElo "2114"]
[Result "0-1"]
[Round "04"]
[TimeControl "180+2"]
[Date "2023.05.16"]
[WhiteClock "0:01:02"]
[BlackClock "0:00:02"]

1. Nf3 c5 2. c4 Nf6 3. Nc3 Nc6 4. g3 d5 5. cxd5 Nxd5 6. Bg2 g6 7. O-O Bg7 8. Ng5 Nb6 9. d3 O-O 10. h4 Bg4 11. Be3 Nd4 12. Rc1 Qd7 13. f3 Be6 14. b3 Nd5 15. Nxd5 Bxd5 16. Rxc5 Rac8 17. Rxc8 Rxc8 18. Bf2 Rc2 19. e3 Ne2+ 20. Kh2 Rxa2 21. d4 Nc3 22. Qd3 h6 23. Qxc3 hxg5 24. hxg5 Qb5 25. Rb1 Rxf2 26. e4 Bc6 27. d5 Bd7 28. Qc7 Qe2 29. Rg1 Bb5 30. Qxe7 Bf8 31. Qd8 Bd3 32. d6 Bxe4 33. fxe4 Qh5# 0-1


[Site "https://www.chess.com"]

[Event "Titled Tuesday Blitz May 16 Early 2023"]
[White "Golubev, Mikhail"]
[Black "Marcziter, Dmitrii"]
[WhiteFideId "14100983"]
[BlackFideId "13900765"]
[WhiteElo "2374"]
[BlackElo "2162"]
[Result "1-0"]
[Round "04"]
[TimeControl "180+2"]
[Date "2023.05.16"]
[WhiteClock "0:00:25"]
[BlackClock "0:00:58"]

1. e4 e5 2. Nf3 Nc6 3. Bc4 Nf6 4. Ng5 d5 5. exd5 Na5 6. Bb5+ c6 7. dxc6 bxc6 8. Bd3 Nd5 9. Nf3 Nf4 10. O-O Nxd3 11. cxd3 Bd6 12. Re1 Bg4 13. b4 Nb7 14. Nxe5 Bxd1 15. Nxc6+ Kf8 16. Nxd8 Rxd8 17. Rxd1 Bxb4 18. Nc3 Rxd3 19. Rb1 a5 20. a3 Bxc3 21. Rxb7 Be5 22. Bb2 Bd6 23. Rc1 Be7 24. Rc8+ Rd8 25. Rxd8+ Bxd8 26. Rb8 Ke7 27. Bxg7 Rg8 28. Bc3 Rg5 29. h3 Rb5 30. Rxb5 1-0


[Site "https://www.chess.com"]

[Event "Titled Tuesday Blitz May 16 Early 2023"]
[White "Maung, Maung Kyaw Zaw Hein"]
[Black "SereneSalmon"]
[WhiteFideId "13001698"]
[WhiteElo "2019"]
[BlackElo "2494"]
[Result "1-0"]
[Round "04"]
[TimeControl "180+2"]
[Date "2023.05.16"]
[WhiteClock "0:00:21"]
[BlackClock "0:00:00"]

1. Nf3 d5 2. d4 Nf6 3. c4 e6 4. Nc3 Bb4 5. Bg5 h6 6. Bxf6 Qxf6 7. Qa4+ Nc6 8. Ne5 Bd7 9. Nxd7 Qxd4 10. Qc2 Kxd7 11. e3 Qe5 12. cxd5 exd5 13. Bb5 Bxc3+ 14. bxc3 Rhd8 15. O-O Ke7 16. Rfd1 Kf8 17. Qh7 Ne7 18. Rd4 c6 19. Be2 Ng6 20. h4 Ke7 21. h5 Rh8 22. hxg6 Rxh7 23. gxh7 Rh8 24. Rad1 Rxh7 25. c4 Rh8 26. cxd5 cxd5 27. Rxd5 Qb2 28. Rd7+ Kf6 29. R1d6+ Kg5 30. Bd1 Re8 31. g3 Re6 32. Rd5+ Kf6 33. Bb3 Rc6 34. Rxb7 Qc1+ 35. Kg2 g6 36. Rdd7 Kg5 37. Rxf7 Qd2 38. Rb5+ 1-0


[Site "https://www.chess.com"]

[Event "Titled Tuesday Blitz May 16 Early 2023"]
[White "Smith, Shreyas"]
[Black "Perera Alfonso, Rene Humberto"]
[WhiteFideId "7400713"]
[BlackFideId "3514722"]
[WhiteElo "2151"]
[BlackElo "2313"]
[Result "1/2-1/2"]
[Round "04"]
[TimeControl "180+2"]
[Date "2023.05.16"]
[WhiteClock "0:00:03"]
[BlackClock "0:00:25"]

1. e4 c5 2. Nf3 d6 3. Bb5+ Nc6 4. O-O Bd7 5. Re1 Nf6 6. c3 a6 7. Bf1 Bg4 8. d4 cxd4 9. cxd4 d5 10. Nc3 dxe4 11. Nxe4 Bxf3 12. Qxf3 Qxd4 13. Bg5 Nxe4 14. Rxe4 Qc5 15. Be3 Qa5 16. Bc4 e6 17. Qg3 O-O-O 18. b4 Nxb4 19. Rc1 Nc6 20. Qf3 Ba3 21. Rb1 Bc5 22. Qxf7 Be7 23. Bxe6+ Kb8 24. Bf4+ Ka8 25. Qf5 Qxf5 26. Bxf5 Bf6 27. Bg4 Nd4 28. Bf3 Nxf3+ 29. gxf3 Rd3 30. Kg2 Rf8 31. Be5 Bxe5 32. Rxe5 Rdxf3 33. Re8+ Rxe8 34. Kxf3 Re6 35. Rd1 Rf6+ 36. Kg2 Rg6+ 37. Kf3 Ka7 38. Rd7 h6 39. h4 Rf6+ 40. Kg3 g5 41. hxg5 hxg5 42. f3 Rf5 43. Rg7 Ra5 44. Kg4 Rxa2 45. Rxg5 Ra1 46. f4 Kb6 47. f5 a5 48. f6 Rg1+ 49. Kh5 Rf1 50. Kg6 a4 51. Rf5 Rxf5 52. Kxf5 a3 53. f7 a2 54. f8=Q a1=Q 55. Qb4+ Ka6 56. Qc5 Qa5 57. Qe5 Qxe5+ 58. Kxe5 Ka5 59. Kd4 Ka4 60. Kc3 b5 61. Kc2 Kb4 62. Kb2 Kc4 63. Kc2 Kd4 64. Kb3 Kc5 65. Kc3 b4+ 66. Kb3 Kb5 67. Kb2 Kc4 68. Kc2 b3+ 69. Kb2 Kb4 70. Kb1 Kc3 71. Kc1 Kd4 72. Kb2 Kc4 73. Kb1 Kc3 74. Kc1 Kb4 75. Kb2 Ka4 76. Kb1 Kb5 77. Kb2 Kc5 78. Kxb3 1/2-1/2


[Site "https://www.chess.com"]

[Event "Titled Tuesday Blitz May 16 Early 2023"]
[White "Jakic, Ivan"]
[Black "Pinto, Daniel"]
[WhiteFideId "14504901"]
[BlackFideId "3303144"]
[WhiteElo "2370"]
[BlackElo "2145"]
[Result "1-0"]
[Round "04"]
[TimeControl "180+2"]
[Date "2023.05.16"]
[WhiteClock "0:01:20"]
[BlackClock "0:00:05"]

1. e4 c6 2. d4 d5 3. f3 e6 4. Nc3 Nf6 5. e5 Nfd7 6. f4 c5 7. Nf3 Nc6 8. Bd3 Nxd4 9. Nxd4 cxd4 10. Ne2 Bc5 11. O-O O-O 12. a3 a5 13. b3 f6 14. exf6 Nxf6 15. Bb2 Ng4 16. Nxd4 Qh4 17. h3 Ne3 18. Qe1 Qxe1 19. Rfxe1 Rxf4 20. c3 Nf5 21. Bxf5 Rxf5 22. Kh1 Bxd4 23. cxd4 Bd7 24. Rac1 Rc8 25. Rxc8+ Bxc8 26. Rc1 Bd7 27. Rc7 Bc6 28. Bc3 Rf1+ 29. Kh2 Rb1 30. b4 axb4 31. Bxb4 h5 32. h4 Kh7 33. Bd6 Kg6 34. Be5 Ra1 35. Rxg7+ Kf5 36. Bd6 Ke4 37. Bc5 b6 38. Bxb6 Rxa3 39. Rg5 Be8 40. Bc5 Rb3 41. Re5+ Kf4 42. Rxe6 Bd7 43. Re5 Bg4 44. Rxd5 Rb2 45. Rd8 Ke4 46. Re8+ Kd5 47. Rf8 Ke4 48. Kg3 Rb3+ 49. Kh2 Rb2 50. Rf6 Bf3 51. Rxf3 Rc2 52. Rg3 Kf4 53. Rg5 1-0


[Site "https://www.chess.com"]

[Event "Titled Tuesday Blitz May 16 Early 2023"]
[White "Rosh Jain"]
[Black "Khamdamova, Afruza"]
[WhiteFideId "25789465"]
[BlackFideId "14210444"]
[WhiteElo "2233"]
[BlackElo "2312"]
[Result "0-1"]
[Round "04"]
[TimeControl "180+2"]
[Date "2023.05.16"]
[WhiteClock "0:01:18"]
[BlackClock "0:01:35"]

1. d4 Nf6 2. Bf4 d5 3. e3 c5 4. Nf3 Nc6 5. Nbd2 Qb6 6. dxc5 Qxb2 7. Rb1 Qc3 8. Bb5 e6 9. O-O Be7 10. Ne5 Bd7 11. Nxd7 Nxd7 12. Bd6 Bxd6 13. cxd6 O-O 14. Bd3 Nc5 15. Be2 Rad8 16. Rb5 b6 17. Nb1 Qf6 18. Na3 Rxd6 19. c4 Rfd8 20. Qc2 Ne5 21. Rd1 dxc4 22. Rxd6 Rxd6 23. Nxc4 Nxc4 24. Bxc4 g6 25. g3 Qd8 26. Be2 Rd2 27. Qc4 Qd5 28. Qg4 h5 29. Qc4 Rxa2 30. Qxd5 exd5 31. Bf3 Rd2 32. Kf1 d4 33. Ke1 dxe3 34. fxe3 Rxh2 35. Rb4 Nd3+ 36. Kf1 Nxb4 37. Bxh5 Rxh5 38. g4 Rh2 39. e4 Nd3 40. e5 Rf2+ 41. Kg1 a5 42. g5 a4 43. e6 fxe6 44. Kh1 a3 45. Kg1 a2 46. Kh1 a1=Q# 0-1


[Site "https://www.chess.com"]

[Event "Titled Tuesday Blitz May 16 Early 2023"]
[White "Ladan, Nicholas"]
[Black "lluiss"]
[WhiteFideId "30918855"]
[WhiteElo "2167"]
[BlackElo "2301"]
[Result "1-0"]
[Round "04"]
[TimeControl "180+2"]
[Date "2023.05.16"]
[WhiteClock "0:00:43"]
[BlackClock "0:00:00"]

1. d4 Nf6 2. Nf3 g6 3. Nbd2 d5 4. e3 Bg7 5. b4 O-O 6. c4 b6 7. Ba3 a5 8. b5 c5 9. dxc5 bxc5 10. Bxc5 Ne4 11. Bd4 Nxd2 12. Qxd2 Bxd4 13. Nxd4 e5 14. Nf3 e4 15. Nd4 a4 16. c5 Nd7 17. Rc1 Qc7 18. b6 Qe5 19. Bb5 Nf6 20. c6 Rb8 21. Qa5 Qg5 22. c7 Rxb6 23. Qxb6 Qxg2 24. Rf1 Ng4 25. Ba6 Nxh2 26. Ke2 Bg4+ 27. Kd2 Nxf1+ 28. Rxf1 Bc8 29. Ke1 1-0


[Site "https://www.chess.com"]

[Event "Titled Tuesday Blitz May 16 Early 2023"]
[White "Klepikov, Nikita"]
[Black "Martins, Vinicius Tine"]
[WhiteFideId "24145220"]
[BlackFideId "2112884"]
[WhiteElo "2025"]
[BlackElo "2373"]
[Result "0-1"]
[Round "04"]
[TimeControl "180+2"]
[Date "2023.05.16"]
[WhiteClock "0:00:00"]
[BlackClock "0:01:21"]

1. e4 c5 2. Nf3 d6 3. d4 cxd4 4. Nxd4 Nf6 5. Nc3 g6 6. Bc4 Bg7 7. Be3 O-O 8. f3 Nc6 9. Bb3 Bd7 10. Qd2 Rc8 11. O-O-O Nxd4 12. Bxd4 b5 13. a3 a5 14. Kb1 b4 15. axb4 axb4 16. Na2 Qc7 17. h4 Ra8 18. h5 Ba4 19. Qe3 Bxb3 20. Qxb3 Rfb8 21. hxg6 hxg6 22. Rh3 Ra5 23. g4 Rba8 24. Rdh1 Rxa2 25. Qxa2 Rxa2 26. Kxa2 Qxc2 27. g5 Qc4+ 0-1


[Site "https://www.chess.com"]

[Event "Titled Tuesday Blitz May 16 Early 2023"]
[White "Onufrienko, Vladislav"]
[Black "Rosenberg, Evan S"]
[WhiteFideId "13804332"]
[BlackFideId "2019299"]
[WhiteElo "1814"]
[BlackElo "2284"]
[Result "0-1"]
[Round "04"]
[TimeControl "180+2"]
[Date "2023.05.16"]
[WhiteClock "0:00:00"]
[BlackClock "0:00:15"]

1. e4 e5 2. Nf3 Nc6 3. Nc3 Nf6 4. h3 d5 5. exd5 Nxd5 6. Bb5 Nxc3 7. bxc3 Bd6 8. O-O O-O 9. Re1 Qf6 10. d4 exd4 11. cxd4 Bf5 12. c4 Rad8 13. Bg5 Qg6 14. Bxd8 Rxd8 15. Nh4 Qg5 16. Nxf5 Qxf5 17. Bxc6 bxc6 18. Qf3 Qxf3 19. gxf3 g6 20. c5 Bf8 21. Rad1 h5 22. Re4 Rb8 23. Kg2 Rb2 24. d5 Bxc5 25. dxc6 Rxf2+ 26. Kg3 Rxa2 27. Rd7 g5 28. h4 Bf2+ 29. Kh3 gxh4 30. Rxc7 Bg3 31. Rc8+ Kg7 32. Rxh4 Bxh4 33. Kxh4 Rc2 34. Kxh5 a5 35. f4 Kf6 36. c7 a4 37. Ra8 Rxc7 38. Rxa4 Rc6 39. Kg4 Rc1 40. Ra6+ Kg7 41. Kg5 Rg1+ 42. Kf5 Rg2 43. Ra7 Rg1 44. Ke5 Re1+ 45. Kf5 Re2 46. Ra3 Rg2 47. Re3 Rg1 48. Ke5 Rg6 49. f5 Ra6 50. Rg3+ Kh6 51. Kf4 Ra4+ 52. Ke5 Ra6 53. f6 Ra5+ 54. Kd6 Ra7 55. Rg4 Rb7 56. Rg7 Ra7 0-1


[Site "https://www.chess.com"]

[Event "Titled Tuesday Blitz May 16 Early 2023"]
[White "Sala, Giulia"]
[Black "Lorenzo De La Riva, Lazaro"]
[WhiteFideId "2840451"]
[BlackFideId "2268809"]
[WhiteElo "1769"]
[BlackElo "2294"]
[Result "0-1"]
[Round "04"]
[TimeControl "180+2"]
[Date "2023.05.16"]
[WhiteClock "0:00:00"]
[BlackClock "0:00:16"]

1. d4 d6 2. e4 Nf6 3. Bd3 e5 4. d5 c6 5. c4 g6 6. Nf3 Bg7 7. O-O O-O 8. Be3 Ng4 9. Qc1 Nxe3 10. Qxe3 c5 11. Nc3 h6 12. h3 f5 13. exf5 gxf5 14. Nd2 Nd7 15. f3 Nf6 16. Rae1 a6 17. g4 f4 18. Qe2 b5 19. cxb5 axb5 20. Bxb5 Ne8 21. Bd3 Bf6 22. Qe4 Qe7 23. Qg6+ Qg7 24. Nc4 Qxg6 25. Bxg6 Be7 26. a4 Nc7 27. a5 Ba6 28. Bd3 Rfb8 29. Rf2 Rb4 30. Nb6 Bxd3 31. Nxa8 Nxa8 32. Rd2 Ba6 33. Ne4 Kf7 34. Kg2 Rb5 35. Ra1 Nc7 36. Ra3 Ne8 37. Kf2 Rb4 38. Nc3 Bh4+ 39. Kg2 Nf6 40. Na4 e4 41. fxe4 Nxe4 42. Rd1 Bf2 43. Rf1 Be3 44. Rf3 Kg6 45. Nb6 Rxb2+ 46. Kh1 Be2 47. Rfxe3 fxe3 48. Rxe3 Ng5 49. Nc8 Ba6 50. Nxd6 Ra2 51. Ne4 Nxe4 52. Rxe4 Rxa5 53. Re6+ Kg5 54. d6 c4 55. d7 Rd5 56. Rxa6 Rxd7 57. Rc6 Rd4 58. Kg2 Kf4 59. Rxh6 Ke4 60. Rc6 Kd3 61. h4 c3 62. h5 Rc4 63. Rd6+ Ke4 64. Kh3 c2 65. Re6+ Kd5 66. Re1 c1=Q 67. Rxc1 Rxc1 68. g5 Ke6 69. h6 Kf5 0-1


[Site "https://www.chess.com"]

[Event "Titled Tuesday Blitz May 16 Early 2023"]
[White "Ljukin, Sergei"]
[Black "Afanasieva, Alexandra"]
[WhiteFideId "14102200"]
[BlackFideId "34126926"]
[WhiteElo "2312"]
[BlackElo "1745"]
[Result "1-0"]
[Round "04"]
[TimeControl "180+2"]
[Date "2023.05.16"]
[WhiteClock "0:01:37"]
[BlackClock "0:02:06"]

1. e4 c5 2. Nf3 Nc6 3. d4 cxd4 4. Nxd4 e5 5. Nb5 a6 6. Nd6+ Bxd6 7. Qxd6 Qe7 8. Qxe7+ Ngxe7 9. Nc3 O-O 10. Be3 f5 11. f3 fxe4 12. fxe4 Nd4 13. O-O-O Nec6 14. Bc4+ Kh8 15. Rhf1 Rxf1 16. Rxf1 h6 17. Rf8+ Kh7 18. Nd5 b5 19. Nb6 Rb8 20. Bg8+ Kg6 21. Nxc8 Ne7 22. Nxe7+ 1-0


[Site "https://www.chess.com"]

[Event "Titled Tuesday Blitz May 16 Early 2023"]
[White "Goldin, Roman"]
[Black "Aarav Dengla"]
[WhiteFideId "2803860"]
[BlackFideId "45059756"]
[WhiteElo "2312"]
[BlackElo "2288"]
[Result "1-0"]
[Round "04"]
[TimeControl "180+2"]
[Date "2023.05.16"]
[WhiteClock "0:00:06"]
[BlackClock "0:00:00"]

1. Nf3 d5 2. e3 Nf6 3. b4 g6 4. Bb2 Bg7 5. c4 O-O 6. cxd5 Qxd5 7. Nc3 Qd8 8. Qc2 b6 9. Be2 Bb7 10. O-O Nc6 11. a3 e6 12. Rac1 Ne7 13. b5 Qd6 14. d4 Ned5 15. g3 Nxc3 16. Bxc3 Qd5 17. Bb4 Rfc8 18. h3 Ne4 19. Qc4 Qf5 20. g4 Qf6 21. Nd2 Nd6 22. Qd3 Qh4 23. Kh2 e5 24. dxe5 Bxe5+ 25. f4 Rd8 26. Bf3 Bxf3 27. Nxf3 Nf5 28. Nxh4 Rxd3 29. gxf5 Bf6 30. Ng2 Rc8 31. Rc6 Kg7 32. Rfc1 Rcd8 33. e4 gxf5 34. e5 Bh4 35. Nxh4 Rb3 36. Nxf5+ Kg8 37. Rxc7 Rb2+ 38. Kg1 h5 39. Rc8 Rxc8 40. Rxc8+ Kh7 41. Rc7 Kg6 42. Nd6 Kg7 43. Rxf7+ Kg6 44. e6 Rb1+ 45. Kf2 Rb2+ 46. Ke3 Rb3+ 47. Ke4 Rb1 48. f5+ Kg5 49. e7 Kh4 50. e8=Q Rb2 51. Qg8 Re2+ 52. Kf3 Re3+ 53. Kxe3 a5 54. Kf3 1-0


[Site "https://www.chess.com"]